 Dungeon Crawl Stone Soup version 0.24.1-8-ga250c9d538 (webtiles) character file.

Game seed: 15512241598760509228, levelgen mode: deterministic

21 Hugehornet the Changer (level 2, -1/18 HPs)
             Began as an Octopode Transmuter on May 1, 2020.
             Shot with a stone by a goblin (3 damage)
             ... on level 2 of the Dungeon.
             The game lasted 00:01:05 (591 turns).

Hugehornet the Changer (Octopode Transmuter)         Turns: 591, Time: 00:01:06

Health: -1/18      AC:  1    Str:  9    XL:     2   Next: 83%
Magic:  4/5        EV: 13    Int: 15    God:
Gold:   44         SH:  0    Dex: 12    Spells: 4/5 levels left

rFire    . . .     SeeInvis .     - Unarmed
rCold    + . .     Gourm    .   (no shield)
rNeg     . . .     Faith    .   (helmet restricted)
rPois    .         Spirit   .   (no amulet)
rElec    .         Reflect  .   n - ring of protection from cold
rCorr    .         Harm     .   (no ring)
MR       .....                  (no ring)
Stlth    ++........             (no ring)
HPRegen  0.06/turn              (no ring)
MPRegen  0.09/turn              (no ring)
                                (no ring)
                                (no ring)

@: appendage (expiring)
A: almost no armour, stealthy swim, amphibious, 8 rings, constrict 8, tentacle
spike 3, camouflage 1, gelatinous body 1
a: End Transformation


You were on level 2 of the Dungeon.
You were not hungry.
One of your tentacles had a temporary spike.
You visited 1 branch of the dungeon, and saw 2 of its levels.

You collected 44 gold pieces.

Inventory:

Missiles
 a - 12 arrows
Jewellery
 n - a ring of protection from cold (left tentacle)
Scrolls
 b - a scroll of amnesia {unknown}
 d - 5 scrolls of enchant weapon {unknown}
 e - a scroll of noise {unknown}
 f - 2 scrolls of identify {unknown}
 g - 3 scrolls of teleportation {unknown}
 j - a scroll of random uselessness {unknown}
 m - a scroll of remove curse {unknown}
Potions
 h - a potion of curing {unknown}
 i - 2 potions of mutation {unknown}
 k - a potion of agility {unknown}
 l - a potion of cancellation {unknown}
Comestibles
 c - 2 rations
 o - 3 chunks of flesh


   Skills:
 - Level 1.0 Fighting
 - Level 2.0 Dodging
 - Level 3.0 Unarmed Combat
 - Level 2.0 Spellcasting
 + Level 3.2 Transmutations


You had 4 spell levels left.
You knew the following spells:

 Your Spells              Type           Power        Failure   Level  Hunger
a - Beastly Appendage     Tmut           ##....       6%          1    #......

Your spell library contained the following spells:

 Spells                   Type           Power        Failure   Level  Hunger
 Sticks to Snakes         Tmut           ##......     9%          2    ###....
 Spider Form              Tmut/Pois      #.........   34%         3    ###....
 Ice Form                 Ice/Tmut       #.......     75%         4    #####..
 Blade Hands              Tmut           ##........   85%         5    ######.


Dungeon Overview and Level Annotations

Branches:
Dungeon (2/15)

Altars:


Innate Abilities, Weirdness & Mutations

You cannot wear most types of armour.
You are very stealthy in the water. (Stealth+)
You are amphibious.
You can wear up to eight rings at the same time.
You can use your tentacles to constrict eight enemies at once.
Your skin changes colour to match your surroundings (Stealth+).
Your rubbery body absorbs attacks. (AC +1, EV +1)
One of your tentacles bears a large vicious spike.


Message History

You are too injured to fight recklessly!
You are too injured to fight recklessly!
You are too injured to fight recklessly!
You are too injured to fight recklessly!
The goblin shoots a stone.
The stone barely misses you.
A jackal comes into view.
Your transformation is almost over.
The jackal barks!
A bat comes into view.
The goblin shoots a stone.
The stone hits you.
* * * LOW HITPOINT WARNING * * *
A jackal comes into view.
The jackal barks!
The jackal moves out of view.
Found an escape hatch in the ceiling.
You see here a stone.
The frilled lizard bites you.
* * * LOW HITPOINT WARNING * * *
The goblin shoots a stone.
The stone hits you.
You die...

#..#####..####.#
#..##..........#
#..##.##.......#
#..)..#.######.#
####...## #
#.>## #.(# #..#
#(@# ##.## #(.l#
#.#....<.
g........
###.#####.. .# .
b# .#


You could see a goblin.

Vanquished Creatures
  A worm (D:2)
  A dart slug (D:1)
  2 leopard geckos
  A goblin (D:1)
  3 hobgoblins (D:1)
  2 bats (D:1)
  2 frilled lizards
  2 kobolds (D:1)
  A rat (D:1)
15 creatures vanquished.

Notes
Turn   | Place    | Note
-------+----------+-------------------------------------------
     0 | D:1      | Hugehornet the Octopode Transmuter began the quest for the
                  | Orb.
     0 | D:1      | Reached XP level 1. HP: 13/13 MP: 3/3
   135 | D:1      | Reached XP level 2. HP: 18/18 MP: 3/5
   591 | D:2      | Shot with a stone by a goblin

Levels and vault maps discovered:
D:1:      dpeg_arrival_radiant, layout_rooms
D:2:      layout_loops_ring

Skill      XL: |  1  2 |
---------------+-------+-----
Transmutations | 3 |  3.2
Fighting       | |  1.0
Dodging        | |  2.0
Unarmed Combat | |  3.0
Spellcasting   | |  2.0

Action                   || total
-------------------------++-------
Melee: Unarmed           ||    27
       Constrict         ||     6
       Kick              ||     6
       Tentacles         ||     5
       Punch             ||     1
 Cast: Beastly Appendage ||    13
 Stab: Sleeping          ||     4
Dodge: Dodged            ||    10
